 Dungeon Crawl Stone Soup version 0.31-a0-435-g2c6fae2916 (webtiles) character file.

Game seed: 13779676295139507431

329 lunkers the Insei (level 7, 0/52 HPs)
             Began as a Meteoran Shapeshifter on Aug 1, 2023.
             Slain by a gnoll
             ... wielding a +0 club
             ... led by a gnoll bouda
              (5 damage)
             ... on level 4 of the Dungeon.
             The game lasted 00:03:27 (1478 turns).

lunkers the Insei (Meteoran Shapeshifter)           Turns: 1478, Time: 00:03:28

Health: 0/52       AC:  5    Str: 16    XL:     7   Next: 8%
Magic:  8/8        EV: 11    Int: 10    God:
Gold:   163        SH:  0    Dex: 17    Spells: 6/6 levels left

rFire   . .          .
                       - Unarmed
rCold   . . .        (no shield)
rNeg    . . .        e - +0 ring mail
rPois   .            (helmet currently unavailable)
rElec   .            (cloak currently unavailable)
rCorr   .            (gloves currently unavailable)
SInv    .            (boots currently unavailable)
Will    .....        (no amulet)
Stlth   +            o - ring of wizardry
HPRegen 0.28/turn    (no ring)
MPRegen 0.11/turn

%: wizardry (x1)
@: beast-form, glowing
A: beast (slay +3), sense surroundings 1, otherworldly, glowing, explore regen
a: Begin Untransformation


You were on level 4 of the Dungeon.
You were a hulking beast.
You visited 1 branch of the dungeon, and saw 4 of its levels.

You collected 163 gold pieces.

Inventory:

Missiles
 r - a throwing net
Armour
 a - a +0 animal skin
 e - a +0 ring mail (worn)
Jewellery
 o - a ring of wizardry (left hand)
Talismans
 c - a beast talisman (active)
Scrolls
 f - a scroll of identify {unknown}
 j - a scroll of immolation {unknown}
 l - a scroll of noise {unknown}
 m - a scroll of fog {unknown}
 p - 2 scrolls of enchant armour {unknown}
 q - a scroll of fear {unknown}
Potions
 d - a potion of resistance {unknown}
 g - 2 potions of enlightenment {unknown}
 h - a potion of degeneration {unknown}
 i - a potion of berserk rage {unknown}
 k - a potion of curing {unknown}
 n - a potion of haste {unknown}


   Skills:
 - Level 1.1 Fighting
 - Level 2.4 Dodging
 * Level 7.2 Unarmed Combat
 + Level 5.2 Shapeshifting


You had 6 spell levels left.
You didn't know any spells.
Your spell library was empty.

Dungeon Overview and Level Annotations

Branches:
Dungeon (4/15) Zot: 937    Temple (0/1) D:4

Altars:
Sif Muna

Shops:
D:2 :


Innate Abilities, Weirdness & Mutations

You are a hulking beast.
Your limbs bulge with bestial killing power. (Slay +3)
You passively map a small area around you.
You are easily found by Zot.
You glow in the dark.
You regain HP and MP as you explore.


Message History

There are monsters nearby!
Your transformation is almost over.
The gnoll hits you from afar with a +0 halberd.
The gnoll hits you but does no damage.
The gnoll hits you from afar with a +0 halberd.
The gnoll hits you from afar with a +0 halberd.
The gnoll hits you but does no damage. The gnoll hits you but does no damage.
The gnoll hits you but does no damage. The gnoll hits you but does no damage.
The gnoll hits you but does no damage.
You feel less wooden.
Your +0 ring mail unmelds from your body.
You turn into a hulking beast.
The gnoll closely misses you. The gnoll hits you with a +0 halberd.
Items here: ( )) [ ††††.
You hit the gnoll.
The gnoll is moderately wounded.
The gnoll closely misses you.
You barely miss the gnoll.
The gnoll is moderately wounded.
The gnoll hits you with a +0 halberd!
* * * LOW HITPOINT WARNING * * *
You barely miss the gnoll.
The gnoll is moderately wounded.
The gnoll misses you.
You barely miss the gnoll.
The gnoll is moderately wounded.
The gnoll hits you with a +0 halberd!
* * * LOW HITPOINT WARNING * * *
You hit the gnoll.
The gnoll is heavily wounded.
You punch the gnoll!
You kill the gnoll!
The gnoll hits you with a +0 club.
* * * LOW HITPOINT WARNING * * *
There is a stone staircase leading up, spattered with blood here.
Items here: ( )) †.
You closely miss the gnoll. The gnoll hits you with a +0 club.
You die...

#..## ###.## ##...
* ##..######...##
##.###
##...........##
##.## # ,* ####
###...#####..###.##
# ....## #####
##....## # ...).#
##.^## ## *, *
#...#### #### ##.
#....g#### ###.. **
#..).#h).## ##....
*#.8.#.#####..##
##..... #....s.
##..# ##..##..
#8S>.8. ##.##
##.†####. g.g....*
##.## ##..## #.
.#.8.## ##.##
##..## ## , ####*
##.## #..## ### ,
##.## ##†.# ####..
, * #..# ##..##
#....†


You could see a gnoll.

Vanquished Creatures
  3 scorpions (D:4)
  A gnoll bouda (D:4)
  2 gnolls (D:4)
  4 adders
  3 worms
  3 dart slugs (D:2)
  2 orcs
  4 ball pythons
  3 bats (D:1)
  3 endoplasms
  3 giant cockroaches
  6 goblins
  2 hobgoblins (D:1)
  3 kobolds
  6 frilled lizards
  9 rats
57 creatures vanquished.

Notes
Turn   | Place    | Note
-------+----------+-------------------------------------------
     0 | D:1      | lunkers the Meteoran Shapeshifter began the quest for the
                  | Orb.
     0 | D:1      | Reached XP level 1. HP: 16/16 MP: 2/2
    58 | D:1      | Found a faded altar of an unknown god.
   278 | D:1      | Reached skill level 4 in Unarmed Combat
   278 | D:1      | Reached XP level 2. HP: 6/23 MP: 3/3
   448 | D:1      | Reached XP level 3. HP: 18/28 MP: 4/4
   502 | D:1      | Glimpsed the power of Zot.
   650 | D:2      | Reached XP level 4. HP: 32/35 MP: 5/5
   666 | D:2      | Found Powum's Book Emporium.
   683 | D:2      | Reached skill level 5 in Unarmed Combat
   957 | D:3      | Found a shimmering blue altar of Sif Muna.
  1213 | D:4      | Noticed a scorpion
  1221 | D:4      | Killed a scorpion
  1222 | D:4      | Reached skill level 6 in Unarmed Combat
  1222 | D:4      | Reached XP level 5. HP: 23/40 MP: 6/6
  1250 | D:4      | Reached XP level 6. HP: 38/47 MP: 7/7
  1413 | D:4      | Found a staircase to the Ecumenical Temple.
  1438 | D:4      | Reached skill level 7 in Unarmed Combat
  1438 | D:4      | Reached skill level 5 in Shapeshifting
  1442 | D:4      | Reached XP level 7. HP: 52/52 MP: 8/8
  1478 | D:4      | Slain by a gnoll

Illustrated notes

Levels and vault maps discovered:
D:1:      dpeg_arrival_boxes_within_box, layout_loops_ring,
          dreamdust_ecumenical_altar_hidden_monk_grotto, minmay_misc_feat_tower,
          chequers_garden
D:2:      layout_rooms, serial_shops, shop
D:3:      layout_basic, mainiacjoe_overflow_paths, corexii_shack
D:4:      layout_layer_cave, kennysheep_mini_moat, lemuel_doored_altar,
          minmay_temple_entry_statues_pillars

Skill      XL: |  1  2  3  4  5  6 |
---------------+-------------------+-----
Unarmed Combat | 4 6 7 |  7.2
Shapeshifting  | 4 5 |  5.2
Fighting       | |  1.1
Dodging        | |  2.4

Action                     |  1- 3 |  4- 6 |  7- 9 || total
---------------------------+-------+-------+-------++-------
  Melee: Unarmed           |    73 |    94 |     8 ||   175
         Punch             |     2 |     4 |       ||     6
    Use: Potion            |       |     1 |       ||     1
 Armour: Ring mail         |    34 |    22 |       ||    56
         Animal skin       |     1 |       |       ||     1
         Skin              |       |     6 |    18 ||    24
  Dodge: Dodged            |    38 |    18 |     5 ||    61

Table legend: (Time is in decaauts)
 A = Elapsed time spent in this place.
 B = Non-inter-level travel time spent in this place.
 C = Inter-level travel time spent in this place.
 D = Time resting spent in this place.
 E = Time spent auto-exploring this place.
 F = Levels seen in this place.
 G = Mean time per level.
                   A        B        C        D        E       F      G
               +--------+--------+--------+--------+--------+-----+--------+
         Total |   1461 |   1372 |     89 |      0 |    967 |   4 |  365.2 |
       Dungeon |   1461 |   1372 |     89 |      0 |    967 |   4 |  365.2 |
               +--------+--------+--------+--------+--------+-----+--------+

Top non-repeatable levels by time:
     D:1: 536 daAuts
     D:4: 351 daAuts
     D:3: 336 daAuts
     D:2: 237 daAuts
